 Dungeon Crawl Stone Soup version 0.16-a0-3807-g3748f16 (webtiles) character file.

160 MrRokkomies the Skirmisher (level 5, 0/57 HPs)
             Began as an Ogre Hunter on Jan 28, 2015.
             Slain by a gnoll
             ... wielding a +0 club
              (1 damage)
             ... on level 7 of the Dungeon.
             The game lasted 00:10:28 (4905 turns).

MrRokkomies the Skirmisher (Ogre Hunter)            Turns: 4905, Time: 00:10:29

Health: 0/57       AC:  5    Str: 17    XL:     5   Next: 41%
Magic:  5/5        EV: 10    Int: 10    God:
Gold:   129        SH:  0    Dex: 11    Spells: 0 memorised, 4 levels left

rFire  . . .     SeeInvis +     i - +1 club
rCold  . . .     Clarity  +     d - +0 animal skin
rNeg   . . .     SustAb   .     (shield restricted)
rPois  .         Gourm    .     (helmet restricted)
rElec  .         Spirit   .     q - +1 cloak
rCorr  .         Warding  .     (gloves unavailable)
rMut   .         Stasis   .     (boots unavailable)
MR     .....                    (no amulet)
Stlth  +.........               (no ring)
                                e - ring of see invisible

@: not resistant to hostile enchantments, very unstealthy
A: unfitting armour, clarity, tough skin 1
a: no special abilities


You were on level 7 of the Dungeon.
You were not hungry.

You visited 1 branch of the dungeon, and saw 5 of its levels.

You collected 129 gold pieces.

Inventory:

Hand weapons
 i - a +1 club (weapon)
Missiles
 c - 2 throwing nets (quivered)
 k - 34 poisoned needles
 n - 36 stones
Armour
 d - a +0 animal skin (worn)
 q - a +1 cloak (worn)
Jewellery
 e - a ring of see invisible (left hand)
 l - an uncursed ring of teleportation
Scrolls
 a - 3 scrolls of remove curse
 o - a scroll of enchant weapon
 p - a scroll of random uselessness {unknown}
Potions
 g - a potion of brilliance
 m - a potion of resistance
 s - a potion of agility
Comestibles
 f - 3 meat rations
 h - 2 beef jerkies


   Skills:
 * Level 5.2 Fighting
 * Level 2.9 Maces & Flails
 - Level 5.0 Throwing
 + Level 2.4 Dodging
 - Level 0.7 Stealth


You had 4 spell levels left.
You didn't know any spells.

Dungeon Overview and Level Annotations

Branches:
Dungeon (7/15)
 Temple: D:4-7

Altars:
Ru
Yredelemnul

Shops:
D:6 [


Innate Abilities, Weirdness & Mutations

You are too large for most types of armour.
You have tough skin (AC +1).
You possess an exceptional clarity of mind.


Message History

The gnoll hits you with a club!
* * * LOW HITPOINT WARNING * * *
You closely miss the gnoll.
The gnoll is almost dead.
The gnoll closely misses you.
The phantom blinks!
The gnoll hits you but does no damage.
You barely miss the gnoll.
The gnoll is almost dead.
The gnoll closely misses you.
You barely miss the gnoll.
The gnoll is almost dead.
The gnoll hits you with a club!
* * * LOW HITPOINT WARNING * * *
The phantom blinks!
Drink which item? (? for menu, Esc to quit)
Okay, then.
You hit the gnoll but do no damage.
The gnoll is almost dead.
The gnoll hits you with a club.
You die...

#########
...g.g...# #.#
#..#####<######
......ยง(..(g@.#
#..#####.####.#
#.# #.#
#.......# #...#
######### ###.#
.# #


You could see a gnoll.

Vanquished Creatures
  A crimson imp (D:7)
  2 gnolls (D:7)
  3 adders
  5 worms (D:2)
  An ooze (D:2)
  An orc (D:2)
  7 giant cockroaches
  7 hobgoblins
  3 jackals (D:1)
  7 bats
  A giant newt (D:2)
  4 goblins
  A jackal skeleton (D:7)
  7 kobolds
  4 rats
54 creatures vanquished.

Notes
Turn   | Place    | Note
--------------------------------------------------------------
     0 | D:1      | MrRokkomies, the Ogre Hunter, began the quest for the Orb.
     0 | D:1      | Reached XP level 1. HP: 22/22 MP: 1/1
   343 | D:1      | Reached XP level 2. HP: 16/31 MP: 2/2
  1403 | D:2      | Reached XP level 3. HP: 12/39 MP: 3/3
  2000 | D:2      | Reached skill level 5 in Throwing
  2320 | D:2      | Gained mutation: You possess an exceptional clarity of mind. [potion of beneficial mutation]
  2497 | D:2      | Reached skill level 1 in Maces & Flails
  2497 | D:2      | Reached XP level 4. HP: 19/48 MP: 4/4
  3410 | D:2      | Found a basalt altar of Yredelemnul.
  3410 | D:2      | Found a sacrificial altar of Ru.
  3731 | D:3      | You fall through a shaft for 3 floors!
  3731 | D:6      | Found Phiat's Antique Armour Shop.
  4472 | D:7      | Reached skill level 5 in Fighting
  4472 | D:7      | Reached XP level 5. HP: 18/57 MP: 5/5
  4878 | D:7      | Noticed a phantom
  4904 | D:7      | HP: 1/57 [gnoll/club (8)]
  4905 | D:7      | Slain by a gnoll

Action                   |  1- 3 |  4- 6 || total
-------------------------+-------+-------++-------
Melee: Club              |   131 |   186 ||   317
       Short sword       |    14 |       ||    14
Throw: Large rock        |    13 |     9 ||    22
       Stone             |    21 |    21 ||    42
  Use: Scroll            |     7 |     4 ||    11
       Potion            |     2 |       ||     2
 Stab: Sleeping          |     1 |       ||     1
  Eat: Chunk             |     4 |     5 ||     9
       Pizza             |       |     1 ||     1
       Bread ration      |       |     1 ||     1
